 Dungeon Crawl Stone Soup version 0.27-a0-1136-g0b992a5a9d (webtiles) character file.

Game seed: 3785236532882027354

322 leviel the Chopper (level 6, -1/55 HPs)
             Began as a Minotaur Berserker on May 5, 2021.
             Was a Believer of Trog.
             Slain by an orc
             ... wielding a +0 trident
              (7 damage)
             ... on level 3 of the Dungeon.
             The game lasted 00:02:07 (3729 turns).

leviel the Chopper (Minotaur Berserker)             Turns: 3729, Time: 00:02:08

Health: -1/55      AC:  2    Str: 24    XL:     6   Next: 22%
Magic:  5/5        EV: 12    Int:  4    God:    Trog [**....]
Gold:   125        SH:  0    Dex:  9    Spells: 5/5 levels left

rFire    . . .     SeeInvis .   a - +0 hand axe
rCold    . . .     Faith    .   (no shield)
rNeg     . . .     Spirit   .   b - +0 animal skin
rPois    .         Reflect  .   (helmet restricted)
rElec    .         Harm     .   (no cloak)
rCorr    .         Rampage  .   (no gloves)
Will     .....                  (no boots)
Stlth    +.........             (no amulet)
HPRegen  0.18/turn              (no ring)
MPRegen  0.09/turn              (no ring)

@: on berserk cooldown, slowed, very slow
A: horns 2, retaliatory headbutt
a: Renounce Religion, Berserk, Trog's Hand


You were on level 3 of the Dungeon.
You worshipped Trog.
Trog was pleased with you.
You visited 1 branch of the dungeon, and saw 3 of its levels.

You collected 125 gold pieces.

Inventory:

Hand Weapons
 a - a +0 hand axe (weapon)
Missiles
 f - 8 atropa-tipped darts
 h - 2 throwing nets
Armour
 b - a +0 animal skin (worn)
Jewellery
 c - a +4 ring of protection
Wands
 g - a wand of flame (14)
Scrolls
 d - 3 scrolls of teleportation {unknown}
 e - a scroll of identify {unknown}
 j - a scroll of enchant armour {unknown}
Potions
 i - 2 potions of mutation {unknown}
 k - a potion of invisibility {unknown}


   Skills:
 + Level 4.9 Fighting
 * Level 6.4 Axes
 + Level 3.1 Armour
 + Level 3.3 Dodging
 + Level 1.5 Stealth


You had 5 spell levels left.
You didn't know any spells.
Your spell library was empty.

Dungeon Overview and Level Annotations

Branches:
Dungeon (3/15)

Altars:
Ashenzari
Dithmenos
Hepliaklqana
Kikubaaqudgha
Nemelex Xobeh
Uskayaw


Innate Abilities, Weirdness & Mutations

You have a pair of horns on your head.
You reflexively headbutt those who attack you in melee.


Message History

You are too injured to fight recklessly!
You are too injured to fight recklessly!
Unknown command.
You are too injured to fight recklessly!
A red film seems to cover your vision as you go berserk!
You feel yourself moving faster!
You feel mighty! The orc closely misses you. The orc barely misses you.
You are too injured to fight recklessly!
You are too injured to fight recklessly!
You are too injured to fight recklessly!
Unknown command.
You feel a strong urge to attack something.
Things that are here:
a +0 club; an orc corpse You feel your anger nearly subside.
You are no longer berserk.
You are exhausted.
You feel yourself slow down.
You are too injured to fight recklessly!
You are too injured to fight recklessly!
The orc barely misses you. You furiously retaliate!
You headbutt the orc. You slash the orc!
You kill the orc!
Trog accepts your kill.
The orc hits you from afar with a +0 trident.
The worm completely misses you. The orc barely misses you.
You see here a +0 hand axe.
You hit the worm.
The worm is moderately wounded.
The orc barely misses you. The worm bites you!
You hit the worm but do no damage. Your headbutt misses the worm.
The worm is moderately wounded.
The orc barely misses you. The worm bites you!
* * * LOW HITPOINT WARNING * * *
The orc hits you from afar with a +0 trident.
* * * LOW HITPOINT WARNING * * *
You hit the worm.
The worm is severely wounded.
The orc hits you from afar with a +0 trident!
You die...

..... ..... #.###
...# #.#.. #....
...# #.#.. #.[##
...# #....####..#
#..# #. #......##
#o.#####. #...#.###
#))......###........
#o#######..)########
#.w@.......## #
############


You could see a worm and an orc.

Vanquished Creatures
  Sigmund (D:3)
  A bullfrog (D:3)
  Terence (D:2)
  3 adders
  A worm (D:2)
  A dart slug (D:2)
  5 orcs (D:3)
  3 bats (D:1)
  3 endoplasms
  A giant cockroach (D:1)
  4 goblins
  6 hobgoblins
  3 jackals (D:3)
  2 quokkas
  4 ball pythons
  3 frilled lizards (D:1)
  2 kobolds
  8 rats
52 creatures vanquished.

Notes
Turn   | Place    | Note
-------+----------+-------------------------------------------
     0 | D:1      | leviel the Minotaur Berserker began the quest for the Orb.
     0 | D:1      | Reached XP level 1. HP: 19/19 MP: 0/0
   492 | D:1      | Reached skill level 4 in Axes
   492 | D:1      | Reached XP level 2. HP: 25/27 MP: 1/1
   549 | D:1      | Found a faded altar of an unknown god.
  1369 | D:2      | Reached XP level 3. HP: 19/33 MP: 2/2
  2523 | D:2      | Noticed Terence
  2534 | D:2      | Killed Terence
  2535 | D:2      | Reached XP level 4. HP: 7/40 MP: 3/3
  2762 | D:2      | Reached ** piety under Trog
  2910 | D:2      | Reached skill level 5 in Axes
  3473 | D:3      | Found a broken altar of Ashenzari.
  3473 | D:3      | Found an ancient bone altar of Kikubaaqudgha.
  3473 | D:3      | Noticed a bullfrog
  3476 | D:3      | Noticed Sigmund
  3479 | D:3      | Killed a bullfrog
  3480 | D:3      | Reached XP level 5. HP: 47/47 MP: 4/4
  3488 | D:3      | Killed Sigmund
  3489 | D:3      | Reached skill level 6 in Axes
  3489 | D:3      | Reached skill level 1 in Stealth
  3489 | D:3      | Reached XP level 6. HP: 55/55 MP: 5/5
  3506 | D:3      | Found a shadowy altar of Dithmenos.
  3509 | D:3      | Found a hazy altar of Hepliaklqana.
  3510 | D:3      | Found a hide-covered altar of Uskayaw.
  3514 | D:3      | Found a sparkling altar of Nemelex Xobeh.
  3729 | D:3      | Slain by an orc

Illustrated notes

Levels and vault maps discovered:
D:1:      eino_arrival_water_star, layout_basic, basic_ecumenical_altar
D:2:      layout_loops_cross, serial_park_tiny_2, minmay_tripent, uniq_terence
D:3:      layout_loops_ring, grunt_temple_overflow_open, lemuel_tele_altar,
          dk_noncrumbling_4, kennysheep_generic_room_2, uniq_sigmund

Skill      XL: |  1  2  3  4  5 |
---------------+----------------+-----
Axes           | 4 5 6 |  6.4
Fighting       | 4 |  4.9
Armour         | 3 |  3.1
Dodging        | 3 |  3.3
Stealth        | 1 |  1.5

Action                   |  1- 3 |  4- 6 || total
-------------------------+-------+-------++-------
Melee: Hand axe          |    61 |    54 ||   115
       Headbutt          |     9 |     6 ||    15
Invok: Berserk           |     2 |     2 ||     4
       Trog's Hand       |       |     1 ||     1
 Stab: Sleeping          |       |     2 ||     2
Armor: Animal skin       |     7 |     7 ||    14
Dodge: Dodged            |    33 |    37 ||    70

Table legend: (Time is in decaauts)
 A = Elapsed time spent in this place.
 B = Non-inter-level travel time spent in this place.
 C = Inter-level travel time spent in this place.
 D = Time resting spent in this place.
 E = Time spent auto-exploring this place.
 F = Levels seen in this place.
 G = Mean time per level.
                   A        B        C        D        E       F      G
               +--------+--------+--------+--------+--------+-----+--------+
         Total |   3764 |   3682 |     82 |   1339 |   2081 |   3 | 1254.7 |
       Dungeon |   3764 |   3682 |     82 |   1339 |   2081 |   3 | 1254.7 |
               +--------+--------+--------+--------+--------+-----+--------+

Top non-repeatable levels by time:
     D:2: 2178 daAuts
     D:1: 1320 daAuts
     D:3: 265 daAuts
